 Dungeon Crawl Stone Soup version 0.23-a0-641-g0a7f1ce553 (webtiles) character file.

38 HereIgoKillingAgain the Chopper (level 3, 0/33 HPs)
             Began as a Deep Dwarf Fighter on Dec 30, 2018.
             Killed by nerve-wracking pain
             ... invoked by Jessica
              (13 damage)
             ... on level 2 of the Dungeon.
             The game lasted 00:00:49 (692 turns).

HereIgoKillingAgain the Chopper (Deep Dwarf Fighter) Turns: 692, Time: 00:00:51

Health: 0/33       AC:  6    Str: 19    XL:     3   Next: 25%
Magic:  3/3        EV:  9    Int:  9    God:
Gold:   20         SH:  0    Dex: 12    Spells: 2/2 levels left

rFire    . . .     SeeInvis .   a - +0 war axe
rCold    . . .     Gourm    .   (no shield)
rNeg     . . .     Faith    .   b - +0 scale mail
rPois    .         Spirit   .   (no helmet)
rElec    .         Reflect  .   (no cloak)
rCorr    .         Harm     .   (no gloves)
MR       .....                  (no boots)
Stlth    ..........             (no amulet)
HPRegen  0.00/turn              (no ring)
MPRegen  0.08/turn              (no ring)

@: non-regenerating
A: damage resistance, heal wounds, sense surroundings 1, no regeneration
a: Heal Wounds


You were on level 2 of the Dungeon.
You were not hungry.

You visited 1 branch of the dungeon, and saw 2 of its levels.

You collected 20 gold pieces.

Inventory:

Hand Weapons
 a - a +0 war axe (weapon)
Armour
 b - a +0 scale mail (worn)
Scrolls
 c - a scroll of immolation {unknown}
 h - 2 scrolls of identify {unknown}
 i - a scroll of magic mapping {unknown}
 j - a scroll of enchant weapon {unknown}
Potions
 d - a potion of might
 e - a potion of cancellation {unknown}
 g - a potion of heal wounds {unknown}
Comestibles
 f - a ration


   Skills:
 - Level 2.6 Fighting
 + Level 4.1 Axes
 - Level 3.2 Armour
   Level 3.2 Shields


You had 2 spell levels left.
You didn't know any spells.
Your spell library was empty.

Dungeon Overview and Level Annotations

Branches:
Dungeon (2/15)

Altars:

Annotations:
D:2 Jessica


Innate Abilities, Weirdness & Mutations

You are resistant to damage.
You can heal yourself by infusing magical energy.
You passively map a small area around you.
You do not regenerate.


Message History

Unknown command.
You are too injured to fight recklessly!
Jessica is nearby!
You are too injured to fight recklessly!
You are too injured to fight recklessly!
Jessica is nearby!
You are too injured to fight recklessly!
A hobgoblin comes into view. It is wielding a +0 club.
The hobgoblin shouts!
Jessica gestures at you while chanting. Pain shoots through your body!
Found a metallic dark potion and 10 gold pieces.
You closely miss Jessica.
A bat comes into view.
Jessica mumbles some strange words.
Jessica blinks!
The bat closely misses you. Jessica gestures at you while chanting.
Pain shoots through your body!
You die...

* *, ,,* *,, , ,.
* * #####*
######$.. ,
##....####..g.....
*
......@...@....!..
, *
#.#..#<.#b#####..
,#, ##.#.# * ,
#.#.. *, < ,
#.+..., * * , , *
###.... , , ######
* * ,, , , , , ,,


You could see Jessica, a hobgoblin and a bat.

Vanquished Creatures
  An ooze (D:1)
  A dart slug (D:1)
  5 bats (D:1)
  5 giant cockroaches (D:1)
  2 goblins (D:1)
  3 hobgoblins (D:1)
  2 frilled lizards (D:1)
  5 kobolds (D:1)
  7 rats (D:1)
31 creatures vanquished.

Notes
Turn   | Place    | Note
-------+----------+-------------------------------------------
     0 | D:1      | HereIgoKillingAgain the Deep Dwarf Fighter began the quest
                  | for the Orb.
     0 | D:1      | Reached XP level 1. HP: 20/20 MP: 1/1
   105 | D:1      | Reached skill level 3 in Axes
   115 | D:1      | Reached XP level 2. HP: 21/27 MP: 2/2
   341 | D:1      | Reached XP level 3. HP: 19/33 MP: 3/3
   430 | D:1      | Reached skill level 4 in Axes
   688 | D:2      | Noticed Jessica
   692 | D:2      | Killed from afar by Jessica

Vault maps used:
D:1:      lemuel_arrival_cross, minmay_misc_feat_square, minmay_tripent
D:2:      uniq_crazy_yiuf_cottage, uniq_jessica, uniq_robin

Skill      XL: |  1  2  3 |
---------------+----------+-----
Axes           | 3 4 |  4.1
Fighting       | |  2.6
Armour         | |  3.2
Shields        | |  3.2

Action                   || total
-------------------------++-------
Melee: War axe           ||    83
Armor: Scale mail        ||    37
Dodge: Dodged            ||    45

Table legend:
 A = Non-vault XP
 B = Vault XP
 C = Vault XP percentage of total XP
 D = Non-vault monster count
 E = Vault monster count
 F = Vault count percentage of total count
                 A         B        C        D         E       F
            +---------+---------+-------+---------+---------+-------
      Total |      51 |       4 |   7.3 |      29 |       2 |   6.5
            +---------+---------+-------+---------+---------+-------
        D:1 |      51 |       4 |   7.3 |      29 |       2 |   6.5
            +---------+---------+-------+---------+---------+-------
